 Dungeon Crawl Stone Soup version 0.31.0-9-g3a7656b989 (webtiles) character file.

Game seed: 7201728632684759108

31 Arcadio the Ducker (level 3, -1/29 HPs)
             Began as a Human Monk on Jan 24, 2024.
             Slain by a goblin
             ... wielding a +0 club
             ... led by Robin
              (3 damage)
             ... on level 1 of the Dungeon.
             The game lasted 00:03:26 (1057 turns).

Arcadio the Ducker (Human Monk)                     Turns: 1057, Time: 00:03:26

Health: -1/29      AC:  6    Str: 11    XL:     3   Next: 22%
Magic:  3/3        EV:  9    Int: 10    God:
Gold:   44         SH:  0    Dex: 17    Spells: 2/2 levels left

rFire   . . .        f - +0 short sword (elec)
rCold   . . .        d - orb {light}
rNeg    . . .        j - +0 scale mail
rPois   .            (no helmet)
rElec   .            (no cloak)
rCorr   .            (no gloves)
SInv    .            (no boots)
Will    .....        (no amulet) Stlth
                     (no ring)
HPRegen 0.24/turn    (no ring)
MPRegen 0.08/turn

%: no passive effects
@: glowing
A: explore regen
a: no special abilities


You were on level 1 of the Dungeon.
You visited 1 branch of the dungeon, and saw 2 of its levels.

You collected 44 gold pieces.

Inventory:

Hand Weapons
 a - a +0 mace
 f - a +0 short sword of electrocution (weapon)
Armour
 b - a +0 robe
 d - an orb of light (worn)
 j - a +0 scale mail (worn)
Scrolls
 e - a scroll of fear {unknown}
 h - a scroll of identify {unknown}
 i - a scroll of amnesia {unknown}
 k - 3 scrolls of vulnerability {unknown}
Potions
 g - a potion of degeneration {unknown}


   Skills:
 + Level 3.4 Fighting
 + Level 3.4 Maces & Flails
 + Level 0.1 Armour
 - Level 3.4 Dodging


You had 2 spell levels left.
You didn't know any spells.
Your spell library was empty.

Dungeon Overview and Level Annotations

Branches:
Dungeon (2/15)

Altars:

Annotations:
D:2 Robin


Innate Abilities, Weirdness & Mutations

You regain HP and MP as you explore.


Message History

You feel invigorated.
You bump into the rock wall.
The goblin completely misses you.
The goblin shoots a sling bullet.
The sling bullet hits you. The goblin hits you but does no damage.
You're too confused to move!
You feel less invigorated.
You feel less confused. The goblin barely misses you.
The goblin shoots a sling bullet.
The sling bullet barely misses you. The goblin hits you but does no damage.
You barely miss the goblin. The goblin hits you with a +0 club.
The goblin barely misses you.
You closely miss the goblin. The goblin hits you but does no damage.
The goblin unwields a +0 sling.
The goblin wields a +1 dagger of holy wrath.
It softly glows with a divine radiance!
The goblin hits you but does no damage. x2
You closely miss the goblin.
The goblin no longer looks unusually strong.
The goblin hits you but does no damage. x2; The goblin closely misses you.
You hit the goblin but do no damage. The goblin hits you with a +0 club.
* * * LOW HITPOINT WARNING * * *
The goblin barely misses you. x2
You hit the goblin but do no damage. The goblin barely misses you.
The goblin hits you with a +1 dagger of holy wrath.
* * * LOW HITPOINT WARNING * * *
The goblin hits you but does no damage.
You hit the goblin but do no damage.
The goblin no longer looks unusually strong. x2
The goblin hits you with a +0 club.
* * * LOW HITPOINT WARNING * * *
The goblin hits you but does no damage. The goblin hits you with a +0 dagger.
* * * LOW HITPOINT WARNING * * *
You hit the goblin.
The goblin is moderately wounded.
The goblin hits you but does no damage.
The goblin hits you with a +1 dagger of holy wrath.
* * * LOW HITPOINT WARNING * * *
The goblin hits you but does no damage. The goblin hits you but does no damage.
The goblin attacks as it pursues you! The goblin hits you but does no damage.
The goblin attacks as it pursues you! The goblin hits you with a +0 club.
You die...

#.........#.....
#.........#.....
##.........#..###
#.............# #
#>...........####
#.............##.
#.g..............
######g.......###.....
#....@g.......###.....
#.#####....##.........
#.#.........#.........
##.#.###.....#.........
#............#........#
##>######)...#).......#
#.........[...........#
###########...#.......#
#...##...####


You could see 3 goblins.

Vanquished Creatures
  2 dart slugs (D:1)
  3 ball pythons (D:1)
  3 goblins (D:1)
  2 hobgoblins (D:1)
  3 jackals (D:1)
  2 quokkas (D:1)
  3 bats (D:1)
  A frilled lizard (D:1)
  4 kobolds (D:1)
  3 rats (D:1)
26 creatures vanquished.

Notes
Turn   | Place    | Note
-------+----------+-------------------------------------------
     0 | D:1      | Arcadio the Human Monk began the quest for the Orb.
     0 | D:1      | Reached XP level 1. HP: 18/18 MP: 1/1
   134 | D:1      | Reached XP level 2. HP: 19/24 MP: 2/2
   540 | D:1      | Reached XP level 3. HP: 28/29 MP: 3/3
  1037 | D:2      | Noticed Robin
  1045 | D:1      | HP: 1/29 [goblin/+0 dagger[Robin] (5)]
  1055 | D:1      | HP: 1/29 [goblin/+1 dagger of holy wrath[Robin] (1)]
  1057 | D:1      | Slain by a goblin

Illustrated notes

Levels and vault maps discovered:
D:1:      dpeg_arrival_connections, layout_basic
D:2:      layout_loops_ring, uniq_robin, uniq_jessica

Action                     || total
---------------------------++-------
  Melee: Mace              ||    14
         Short sword       ||    47
    Use: Potion            ||     1
 Armour: Robe              ||    23
         Scale mail        ||    36
  Dodge: Dodged            ||    42
